| TOP OF THE 1ST |
|
Mahoning Valley Scrappers batting - Pitching for Staten Island Yankees : RHP Ben Cunningham
|
|
Pitching: RHP Ben Cunningham
|
|
|
Batting: RHB Chris Folse
|
0-0: Called Strike 0-1: Ball 1-1: Ball 2-1: Fly out, F9 (Flyball, 89M, EV 89.4 MPH)
|
|
Batting: RHB Andy Lewis
|
0-0: Ball 1-0: Swinging Strike 1-1: Ball 2-1: Called Strike 2-2: Ball 3-2: Base on Balls
|
|
Batting: LHB Matt Steinke
|
0-0: Foul Ball, location: 2F 0-1: Foul Ball, location: 2F 0-2: Ball Andy Lewis is caught stealing 2nd base 2-6 1-2: Ball 2-2: Ground out 4-3 (Groundball, 4, EV 86.9 MPH)
|
| Top of the 1st over - 0 runs, 0 hits, 0 errors, 0 left on base; Mahoning Valley 0 - Staten Island 0 |
| BOTTOM OF THE 1ST |
|
Staten Island Yankees batting - Pitching for Mahoning Valley Scrappers : RHP Jon Samer
|
|
Pitching: RHP Jon Samer
|
|
|
Batting: LHB Carlos Palau
|
0-0: Ball 1-0: Called Strike 1-1: Ball 2-1: Ball 3-1: Fly out, F8 (Flyball, 8RM, EV 98.8 MPH)
|
|
Batting: RHB Norimoto Miyanishi
|
0-0: Foul Ball, location: 2F 0-1: Ball 1-1: Swinging Strike 1-2: Ball 2-2: Ball 3-2: Strikes out looking
|
|
Batting: LHB Justin Short
|
0-0: Called Strike 0-1: Foul Ball, location: 2F 0-2: Strikes out swinging
|
| Bottom of the 1st over - 0 runs, 0 hits, 0 errors, 0 left on base; Mahoning Valley 0 - Staten Island 0 |
| TOP OF THE 2ND |
|
Mahoning Valley Scrappers batting - Pitching for Staten Island Yankees : RHP Ben Cunningham
|
|
Batting: RHB Kevin Wiles
|
0-0: Called Strike 0-1: Swinging Strike 0-2: Fly out, F4 (Popup, 3S, EV 78.1 MPH)
|
|
Batting: LHB Brandon Hopper
|
0-0: Ground out 6-3 (Groundball, 6, EV 105.0 MPH)
|
|
Batting: RHB Jonathan Livingston
|
0-0: Ground out 5-3 (Groundball, 25, EV 91.2 MPH)
|
| Top of the 2nd over - 0 runs, 0 hits, 0 errors, 0 left on base; Mahoning Valley 0 - Staten Island 0 |
| BOTTOM OF THE 2ND |
|
Staten Island Yankees batting - Pitching for Mahoning Valley Scrappers : RHP Jon Samer
|
|
Batting: RHB Pat Pemberton
|
0-0: Called Strike 0-1: Swinging Strike 0-2: Strikes out swinging, 2-3 out at first.
|
|
Batting: RHB Brad Wren
|
0-0: Ball 1-0: Ball 2-0: Foul Ball, location: 2F 2-1: Foul Ball, location: 2F 2-2: Foul Ball, location: 2F 2-2: Strikes out swinging
|
|
Batting: SHB Adam Slade
|
0-0: Ball 1-0: Ball 2-0: Ball 3-0: Called Strike 3-1: Base on Balls
|
|
Batting: RHB Jesus Ruiz
|
0-0: Called Strike 0-1: Foul Ball, location: 2F 0-2: Ball 1-2: Ground out 4-3 (Groundball, 34S, EV 85.0 MPH)
|
| Bottom of the 2nd over - 0 runs, 0 hits, 0 errors, 1 left on base; Mahoning Valley 0 - Staten Island 0 |
| TOP OF THE 3RD |
|
Mahoning Valley Scrappers batting - Pitching for Staten Island Yankees : RHP Ben Cunningham
|
|
Batting: LHB Rich Walker
|
0-0: Ground out 6-3 (Groundball, 4M, EV 88.8 MPH)
|
|
Batting: RHB Jose Argueta
|
0-0: Ball 1-0: Foul Ball, location: 2F 1-1: Fly out, F4 (Popup, 3DF, EV 41.9 MPH)
|
|
Batting: RHB Jaquan Brown
|
0-0: Ground out 5-3 (Groundball, 56, EV 81.2 MPH)
|
| Top of the 3rd over - 0 runs, 0 hits, 0 errors, 0 left on base; Mahoning Valley 0 - Staten Island 0 |
| BOTTOM OF THE 3RD |
|
Staten Island Yankees batting - Pitching for Mahoning Valley Scrappers : RHP Jon Samer
|
|
Batting: LHB Danny de Leon
|
0-0: Ball 1-0: Swinging Strike 1-1: Swinging Strike 1-2: Foul Ball, location: 2F 1-2: Ball 2-2: Ball 3-2: Foul Ball, location: 2F 3-2: Foul Ball, location: 2F 3-2: Base on Balls
|
|
Batting: RHB Danny Ayala
|
0-0: Fielders Choice at 2nd, 4-6 (Groundball, 4, EV 89.4 MPH)
|
|
Batting: LHB Carlos Palau
|
0-0: Called Strike 0-1: Swinging Strike 0-2: Strikes out swinging
|
|
Batting: RHB Norimoto Miyanishi
|
0-0: Ball 1-0: Called Strike 1-1: Fielders Choice at 2nd, 6-4 (Groundball, 6, EV 103.8 MPH)
|
| Bottom of the 3rd over - 0 runs, 0 hits, 0 errors, 1 left on base; Mahoning Valley 0 - Staten Island 0 |
| TOP OF THE 4TH |
|
Mahoning Valley Scrappers batting - Pitching for Staten Island Yankees : RHP Ben Cunningham
|
|
Batting: RHB Chris Folse
|
0-0: Ball 1-0: SINGLE (Groundball, 6MD, EV 98.1 MPH)
|
|
Batting: RHB Andy Lewis
|
0-0: Called Strike 0-1: Called Strike 0-2: Ball 1-2: Fly out, F9 (Line Drive, 9LM, EV 108.8 MPH)
|
|
Batting: LHB Matt Steinke
|
0-0: Called Strike Chris Folse is caught stealing 2nd base 2-6 0-1: Foul Ball, location: 2F 0-2: Ball 1-2: Ball 2-2: Ball 3-2: SINGLE (Line Drive, 78S, EV 111.9 MPH)
|
|
Batting: RHB Kevin Wiles
|
0-0: Called Strike 0-1: Fly out, F8 (Flyball, 8RD, EV 98.1 MPH)
|
| Top of the 4th over - 0 runs, 2 hits, 0 errors, 1 left on base; Mahoning Valley 0 - Staten Island 0 |
| BOTTOM OF THE 4TH |
|
Staten Island Yankees batting - Pitching for Mahoning Valley Scrappers : RHP Jon Samer
|
|
Batting: LHB Justin Short
|
0-0: Called Strike 0-1: Called Strike 0-2: Ball 1-2: Strikes out swinging
|
|
Batting: RHB Pat Pemberton
|
0-0: Ball 1-0: Called Strike 1-1: Foul Ball, location: 2F 1-2: Fly out, F9 (Flyball, 9D, EV 90.0 MPH)
|
|
Batting: RHB Brad Wren
|
0-0: Ball 1-0: Swinging Strike 1-1: Swinging Strike 1-2: Strikes out looking
|
| Bottom of the 4th over - 0 runs, 0 hits, 0 errors, 0 left on base; Mahoning Valley 0 - Staten Island 0 |
| TOP OF THE 5TH |
|
Mahoning Valley Scrappers batting - Pitching for Staten Island Yankees : RHP Ben Cunningham
|
|
Batting: LHB Brandon Hopper
|
0-0: Ground out U3 (Groundball, 34S, EV 88.1 MPH)
|
|
Batting: RHB Jonathan Livingston
|
0-0: Foul Ball, location: 2F 0-1: Ball 1-1: Ball 2-1: Swinging Strike 2-2: Ball 3-2: Foul Ball, location: 2F 3-2: Ground out 5-3 (Groundball, 56, EV 82.5 MPH)
|
|
Batting: LHB Rich Walker
|
0-0: Called Strike 0-1: Foul Ball, location: 2F 0-2: Ball 1-2: Foul Ball, location: 2F 1-2: Ground out U3 (Groundball, 3S, EV 90.6 MPH)
|
| Top of the 5th over - 0 runs, 0 hits, 0 errors, 0 left on base; Mahoning Valley 0 - Staten Island 0 |
| BOTTOM OF THE 5TH |
|
Staten Island Yankees batting - Pitching for Mahoning Valley Scrappers : RHP Jon Samer
|
|
Batting: SHB Adam Slade
|
0-0: Ball 1-0: Ball 2-0: Ball 3-0: Called Strike 3-1: DOUBLE (Flyball, 89D, EV 103.8 MPH)
|
|
Batting: RHB Jesus Ruiz
|
0-0: Ball 1-0: Fly out, F9 (Flyball, 9, EV 91.9 MPH)
|
|
Batting: LHB Danny de Leon
|
0-0: Foul Ball, location: 2F 0-1: Fly out, F9 (Flyball, 9LM, EV 93.1 MPH)
|
|
Batting: RHB Danny Ayala
|
0-0: Ball 1-0: SINGLE (Groundball, 34D, EV 95.0 MPH) Adam Slade to third Runner from 3rd tries for Home, SAFE, throw by RF to home
|
|
Batting: LHB Carlos Palau
|
0-0: Ball 1-0: Fly out, F3 (Line Drive, 3L, EV 70.6 MPH)
|
| Bottom of the 5th over - 1 run, 2 hits, 0 errors, 1 left on base; Mahoning Valley 0 - Staten Island 1 |
| TOP OF THE 6TH |
|
Mahoning Valley Scrappers batting - Pitching for Staten Island Yankees : RHP Ben Cunningham
|
|
Batting: RHB Jose Argueta
|
0-0: Called Strike 0-1: DOUBLE (Line Drive, 8LXD, EV 101.9 MPH)
|
|
Batting: RHB Jaquan Brown
|
0-0: Ball 1-0: Swinging Strike 1-1: Swinging Strike 1-2: Ground out 5-3 (Groundball, 56, EV 103.1 MPH)
|
|
Batting: RHB Chris Folse
|
0-0: Called Strike 0-1: Foul Ball, location: 2F 0-2: Ball 1-2: Ball 2-2: Fly out, F7 (Flyball, 7S, EV 81.2 MPH)
|
|
Batting: RHB Andy Lewis
|
0-0: Ball 1-0: Foul Ball, location: 2F 1-1: Ball 2-1: Ball 3-1: Base on Balls
|
|
Batting: LHB Matt Steinke
|
0-0: Ball 1-0: SINGLE (Groundball, 6MD, EV 103.8 MPH) Jose Argueta to third Andy Lewis to second Runner from 3rd tries for Home, SAFE, throw by CF to home
|
|
Batting: RHB Kevin Wiles
|
0-0: Ball 1-0: Ball 2-0: Ball 3-0: Called Strike 3-1: Base on Balls Andy Lewis to third Matt Steinke to second
|
|
Pitching: RHP Nate LaCava
|
|
|
Batting: LHB Brandon Hopper
|
0-0: GRAND SLAM HOME RUN (Flyball, 89XD, EV 114.4 MPH), Distance : 430 ft
|
|
Batting: RHB Jonathan Livingston
|
0-0: Foul Ball, location: 2F 0-1: Ball 1-1: Ball 2-1: Ball 3-1: Base on Balls
|
|
Batting: LHB Rich Walker
|
0-0: Swinging Strike 0-1: Ball 1-1: Ball 2-1: Ball 3-1: Base on Balls Jonathan Livingston to second
|
|
Batting: RHB Jose Argueta
|
0-0: Ball 1-0: Ball 2-0: Fielders Choice at 2nd, 6-4 (Groundball, 6, EV 87.5 MPH)
|
| Top of the 6th over - 5 runs, 3 hits, 0 errors, 2 left on base; Mahoning Valley 5 - Staten Island 1 |
| BOTTOM OF THE 6TH |
|
Staten Island Yankees batting - Pitching for Mahoning Valley Scrappers : RHP Jon Samer
|
|
Batting: RHB Norimoto Miyanishi
|
0-0: Ball 1-0: Called Strike 1-1: Ball 2-1: Ball 3-1: Base on Balls
|
|
Batting: LHB Justin Short
|
0-0: Called Strike 0-1: Ball 1-1: Ball 2-1: Grounds into double play, 6-4-3 (Groundball, 56, EV 109.4 MPH)
|
|
Batting: RHB Pat Pemberton
|
0-0: Called Strike 0-1: Ball 1-1: Swinging Strike 1-2: Ball 2-2: Ball 3-2: SINGLE (Flyball, 4D, EV 97.5 MPH) - OUT at second base trying to stretch hit.
|
| Bottom of the 6th over - 0 runs, 1 hit, 0 errors, 0 left on base; Mahoning Valley 5 - Staten Island 1 |
| TOP OF THE 7TH |
|
Mahoning Valley Scrappers batting - Pitching for Staten Island Yankees : RHP Nate LaCava
|
|
Batting: RHB Jaquan Brown
|
0-0: Ball 1-0: SINGLE (Groundball, 6MD, EV 96.9 MPH)
|
|
Batting: RHB Chris Folse
|
0-0: Called Strike Jaquan Brown steals 2nd base 0-1: Called Strike 0-2: Foul Ball, location: 2F 0-2: Strikes out swinging
|
|
Batting: RHB Andy Lewis
|
0-0: Foul Ball, location: 2F 0-1: Called Strike 0-2: Ball 1-2: Foul Ball, location: 2F 1-2: Ball 2-2: Foul Ball, location: 2F 2-2: Foul Ball, location: 2F 2-2: Ball 3-2: Foul Ball, location: 2F 3-2: Strikes out swinging
|
|
Batting: LHB Matt Steinke
|
0-0: Ball 1-0: Foul Ball, location: 2F 1-1: Ball 2-1: Called Strike 2-2: Foul Ball, location: 2F 2-2: Foul Ball, location: 2F 2-2: Foul Ball, location: 2F 2-2: Foul Ball, location: 2F 2-2: Foul Ball, location: 2F 2-2: Fly out, F8 (Flyball, 8RD, EV 107.5 MPH)
|
| Top of the 7th over - 0 runs, 1 hit, 0 errors, 1 left on base; Mahoning Valley 5 - Staten Island 1 |
| BOTTOM OF THE 7TH |
|
Staten Island Yankees batting - Pitching for Mahoning Valley Scrappers : RHP Jon Samer
|
|
Batting: RHB Brad Wren
|
0-0: Swinging Strike 0-1: Called Strike 0-2: SINGLE (Groundball, 56D, EV 105.6 MPH)
|
|
Batting: SHB Adam Slade
|
0-0: Ball 1-0: Ground out U3 (Groundball, 3S, EV 69.4 MPH) Brad Wren to second
|
|
Batting: RHB Jesus Ruiz
|
0-0: Ball 1-0: Ball 2-0: Called Strike 2-1: SINGLE (Groundball, 6MD, EV 110.6 MPH) Brad Wren to third Runner from 3rd tries for Home, SAFE, throw by CF to home
|
|
Batting: LHB Danny de Leon
|
0-0: Swinging Strike 0-1: Called Strike 0-2: Ball 1-2: Ball 2-2: Fly out, F9 (Flyball, 89M, EV 88.8 MPH)
|
|
Pitching: RHP Mario Arce
|
|
|
Batting: RHB Danny Ayala
|
0-0: Ball 1-0: Swinging Strike 1-1: Swinging Strike 1-2: Ball 2-2: Ball 3-2: Strikes out swinging
|
| Bottom of the 7th over - 1 run, 2 hits, 0 errors, 1 left on base; Mahoning Valley 5 - Staten Island 2 |
| TOP OF THE 8TH |
|
Mahoning Valley Scrappers batting - Pitching for Staten Island Yankees : RHP Nate LaCava
|
|
Batting: RHB Kevin Wiles
|
0-0: Foul Ball, location: 2F 0-1: Ball 1-1: Ball 2-1: Called Strike 2-2: Foul Ball, location: 2F 2-2: Ball 3-2: Foul Ball, location: 2F 3-2: SINGLE (Flyball, 34D, EV 91.9 MPH)
|
|
Pitching: RHP Eric Patrick
|
|
|
Batting: LHB Brandon Hopper
|
0-0: Called Strike Kevin Wiles is caught stealing 2nd base 2-6 0-1: Ball 1-1: Ball 2-1: Foul Ball, location: 2F 2-2: Foul Ball, location: 2F 2-2: Foul Ball, location: 2F 2-2: Foul Ball, location: 2F 2-2: Strikes out looking
|
|
Batting: RHB Jonathan Livingston
|
0-0: Called Strike 0-1: SINGLE (Groundball, 25, EV 72.5 MPH) (infield hit)
|
|
Batting: LHB Rich Walker
|
0-0: Foul Ball, location: 2F 0-1: Foul Ball, location: 2F 0-2: Foul Ball, location: 2F 0-2: Strikes out swinging
|
| Top of the 8th over - 0 runs, 2 hits, 0 errors, 1 left on base; Mahoning Valley 5 - Staten Island 2 |
| BOTTOM OF THE 8TH |
|
Staten Island Yankees batting - Pitching for Mahoning Valley Scrappers : RHP Mario Arce
|
|
Now in LF: Travis Burnett
|
|
|
Batting: LHB Carlos Palau
|
0-0: Foul Ball, location: 2F 0-1: Foul Ball, location: 2F 0-2: SINGLE (Line Drive, 6MD, EV 98.8 MPH)
|
|
Batting: RHB Norimoto Miyanishi
|
0-0: Ball 1-0: Called Strike 1-1: Ball 2-1: SINGLE (Line Drive, 78S, EV 87.5 MPH) Carlos Palau to second
|
|
Batting: LHB Justin Short
|
0-0: Foul Ball, location: 2F 0-1: Ball 1-1: Ball 2-1: Swinging Strike 2-2: Foul Ball, location: 2F 2-2: Strikes out swinging
|
|
Batting: RHB Pat Pemberton
|
0-0: Foul Ball, location: 2F 0-1: Grounds into double play, 5-4-3 (Groundball, 56, EV 103.8 MPH)
|
| Bottom of the 8th over - 0 runs, 2 hits, 0 errors, 1 left on base; Mahoning Valley 5 - Staten Island 2 |
| TOP OF THE 9TH |
|
Mahoning Valley Scrappers batting - Pitching for Staten Island Yankees : RHP Eric Patrick
|
|
Batting: RHB Jose Argueta
|
0-0: Ball 1-0: Ball 2-0: Ball 3-0: Called Strike 3-1: Foul Ball, location: 2F 3-2: Base on Balls
|
|
Batting: RHB Jaquan Brown
|
0-0: Bunted foul 0-1: Called Strike Jose Argueta steals 2nd base 0-2: Ball 1-2: SINGLE (Line Drive, 89S, EV 90.0 MPH) Jose Argueta to third
|
|
Batting: RHB Chris Folse
|
0-0: Fielders Choice at 2nd, 5-4 (Groundball, 56S, EV 81.2 MPH) Jose Argueta scores
|
|
Batting: RHB Andy Lewis
|
0-0: Ball 1-0: Swinging Strike 1-1: Called Strike Chris Folse steals 2nd base 1-2: Fly out, F9 (Flyball, 9D, EV 103.1 MPH) Runner from 2nd tags up, SAFE at 3rd, no throw by RF
|
|
Batting: LHB Matt Steinke
|
0-0: Called Strike 0-1: Swinging Strike 0-2: Strikes out swinging
|
| Top of the 9th over - 1 run, 1 hit, 0 errors, 1 left on base; Mahoning Valley 6 - Staten Island 2 |
| BOTTOM OF THE 9TH |
|
Staten Island Yankees batting - Pitching for Mahoning Valley Scrappers : RHP Mario Arce
|
|
Pitching: LHP Micah Watson
|
|
|
Batting: RHB Brad Wren
|
0-0: Foul Ball, location: 2F 0-1: Ball 1-1: Ball 2-1: Called Strike 2-2: Strikes out swinging
|
|
Batting: SHB Adam Slade
|
0-0: Ball 1-0: Called Strike 1-1: Swinging Strike 1-2: Fly out, F8 (Line Drive, 8LD, EV 93.8 MPH)
|
|
Batting: RHB Jesus Ruiz
|
0-0: Ball 1-0: Called Strike 1-1: Ball 2-1: Ball 3-1: Base on Balls
|
|
Batting: LHB Danny de Leon
|
0-0: Ball 1-0: Foul Ball, location: 2F 1-1: Swinging Strike 1-2: Foul Ball, location: 2F 1-2: Ball 2-2: Strikes out swinging
|
| Bottom of the 9th over - 0 runs, 0 hits, 0 errors, 1 left on base; Mahoning Valley 6 - Staten Island 2 |
|